 Dungeon Crawl Stone Soup version 0.30.1-11-g7821555f0a (webtiles) character file.

Game seed: 11713911830971375614

459 kelmen the Slasher (level 6, 0/56 HPs)
             Began as a Minotaur Fighter on Nov 17, 2023.
             Slain by Grinder (6 damage)
             ... while paralysed by Grinder
             ... on level 4 of the Dungeon.
             The game lasted 00:23:18 (3218 turns).

kelmen the Slasher (Minotaur Fighter)               Turns: 3218, Time: 00:23:18

Health: 0/56       AC: 16    Str: 23    XL:     6   Next: 78%
Magic:  5/5        EV:  2    Int:  5    God:
Gold:   163        SH:  0    Dex:  9    Spells: 5/5 levels left

rFire   . . .        x - +0 long sword
rCold   . . .        c - +0 buckler
rNeg    . . .        E - +0 plate armour
rPois   .            (helmet restricted)
rElec   .            (no cloak)
rCorr   .            (no gloves)
SInv    .            (no boots)
Will    .....        (no amulet) Stlth
                     A - +4 ring of protection
HPRegen 0.29/turn    (no ring)
MPRegen 0.09/turn

%: no passive effects
@: paralysed
A: horns 2, retaliatory headbutt
a: no special abilities


You were on level 4 of the Dungeon.
You visited 2 branches of the dungeon, and saw 5 of its levels.

You collected 163 gold pieces.

Inventory:

Hand Weapons
 a - a +0 long sword
 f - a +0 dagger
 i - a +0 dagger
 j - a +0 hand axe
 o - a +0 dagger
 q - a +0 dagger
 r - a +0 mace
 v - a +0 dagger
 x - a +0 long sword (weapon)
 H - a +0 scythe
 I - a +0 war axe
Missiles
 n - 5 poisoned darts (quivered)
Armour
 b - a +0 scale mail
 c - a +0 buckler (worn)
 m - a +0 leather armour
 w - a +0 leather armour
 y - a +0 robe
 C - a +0 ring mail
 E - a +0 plate armour (worn)
 G - a +2 robe of fire resistance
Jewellery
 A - a +4 ring of protection (left hand)
Scrolls
 e - 3 scrolls of identify {unknown}
 g - a scroll of noise {unknown}
 h - 3 scrolls of fog {unknown}
 k - a scroll of poison {unknown}
 l - 3 scrolls of amnesia {unknown}
 p - a scroll of magic mapping {unknown}
 u - a scroll of blinking {unknown}
 D - a scroll of immolation {unknown}
 F - 4 scrolls of teleportation {unknown}
Potions
 d - a potion of might
 s - a potion of lignification {unknown}
 t - a potion of haste {unknown}
 z - a potion of curing
 B - a potion of degeneration {unknown}


   Skills:
 + Level 5.3 Fighting
 + Level 5.8 Long Blades
 + Level 5.3 Armour
 + Level 1.7 Dodging
 + Level 0.1 Stealth
 + Level 4.6 Shields


You had 5 spell levels left.
You didn't know any spells.
Your spell library contained the following spells:

 Spells                   Type           Power      Damage    Failure   Level
 Lesser Beckoning         Tloc           0%         N/A       100%        2
 Gell's Gravitas          Tloc           0%         N/A       100%        3
 Ozocubu's Armour         Ice            0%         N/A       100%        3
 Teleport Other           Tloc           0%         N/A       100%        3
 Ozocubu's Refrigeration  Ice            0%         4d7       100%        7


Dungeon Overview and Level Annotations

Branches:
Dungeon (4/15)             Temple (1/1) D:4

Altars:
Ashenzari
Cheibriados
Dithmenos
Elyvilon
Gozag
Hepliaklqana
Kikubaaqudgha
Makhleb
Nemelex Xobeh
Okawaru
Ru
Trog
Uskayaw
Vehumet
Wu Jian
Yredelemnul

Annotations:
D:4 Grinder


Innate Abilities, Weirdness & Mutations

You have a pair of horns on your head.
You reflexively headbutt those who attack you in melee.


Message History

You hit the orc but do no damage. You block Grinder's attack.
The orc barely misses you. Something hits you but does no damage.
The orc hits you but does no damage.
You hit the orc.
The orc is heavily wounded.
Grinder hits you.
You writhe in agony.
The orc hits you but does no damage. Something hits you but does no damage.
You block the orc's attack.
You completely miss the orc. Your headbutt misses the orc.
The orc is heavily wounded.
Grinder closely misses you. The orc barely misses you. You furiously retaliate!
You headbutt the orc.
You kill the orc!
Something hits you. The orc hits you but does no damage.
Something hits you but does no damage. The orc hits you but does no damage.
You block Grinder's attack.
You barely miss the orc.
An orc wizard appears from thin air!
Reactivating autopickup.
The orc wizard hits you but does no damage.
The orc barely misses you. Grinder hits you but does no damage.
You hit the orc. Your headbutt misses the orc.
The orc is heavily wounded.
Grinder gestures at you.
You suddenly lose the ability to move!
The orc wizard points at you and mumbles some strange words.
You resist with some effort. The orc hits you but does no damage.
Grinder hits you.
You writhe in agony.
The orc wizard hits you but does no damage.
The orc completely misses you.
The orc wizard mumbles some strange words.
The orc wizard flickers and vanishes!
Deactivating autopickup; reactivate with Ctrl-A.
The orc hits you but does no damage. Grinder hits you.
Something hits you but does no damage. The orc hits you with a +0 trident.
* * * LOW HITPOINT WARNING * * *
Grinder gestures at you. You resist with significant effort.
Something hits you but does no damage. The orc hits you with a +0 trident.
* * * LOW HITPOINT WARNING * * *
Grinder hits you.
You die...

....# #......## #.#.#
##....#... #.#.#
#########5......♣
#.#.# #...†{.oo..)..#
..#.# #.#######)#..##
###.# #.# ##.#.#
###.# #.# ##.# ....#
####.##### # .#..#
#....o@..# ...##
#.##.5){.# #.##
#........#
...########)##.....##
....................+
...########.##.....##
#.## #.#....#.# #.#
#........# #.#
#......###


You could see Grinder and an orc.

Vanquished Creatures
  Sigmund (D:4)
  A phantom (D:4)
  Blork the orc (D:4)
  A hound (D:4)
  An iguana (D:4)
  3 adders
  A worm (D:2)
  2 dart slugs (D:1)
  5 orcs
  3 ball pythons (D:2)
  A bat (D:1)
  6 endoplasms
  3 giant cockroaches
  7 goblins
  5 hobgoblins
  3 jackals (D:2)
  5 kobolds
  4 quokkas
  8 frilled lizards
  3 rats
64 creatures vanquished.

Vanquished Creatures (others)
  A human (D:3)
1 creature vanquished.

Grand Total: 65 creatures vanquished

Notes
Turn   | Place    | Note
-------+----------+-------------------------------------------
     0 | D:1      | kelmen the Minotaur Fighter began the quest for the Orb.
     0 | D:1      | Reached XP level 1. HP: 19/19 MP: 0/0
   310 | D:1      | Reached XP level 2. HP: 27/27 MP: 1/1
   700 | D:2      | Reached XP level 3. HP: 31/33 MP: 2/2
  1226 | D:3      | Found an ancient bone altar of Kikubaaqudgha.
  1228 | D:3      | Noticed a human
  1231 | D:3      | Killed a human
  1423 | D:3      | Reached XP level 4. HP: 40/40 MP: 3/3
  2491 | D:4      | Noticed Sigmund
  2523 | D:4      | Killed Sigmund
  2524 | D:4      | Reached skill level 5 in Armour
  2524 | D:4      | Reached skill level 1 in Dodging
  2524 | D:4      | Reached XP level 5. HP: 18/47 MP: 4/4
  2700 | D:4      | Found a staircase to the Ecumenical Temple.
  2714 | Temple   | Entered the Ecumenical Temple
  2919 | D:4      | Noticed a phantom
  2930 | D:4      | Killed a phantom
  2931 | D:4      | Reached skill level 5 in Fighting
  2931 | D:4      | Reached skill level 5 in Long Blades
  2931 | D:4      | Reached XP level 6. HP: 50/56 MP: 5/5
  3172 | D:4      | Noticed Blork the orc
  3174 | D:4      | Noticed Grinder
  3179 | D:4      | Killed Blork the orc
  3214 | D:4      | Paralysed by Grinder for 5 turns
  3218 | D:4      | Slain by Grinder

Illustrated notes

Levels and vault maps discovered:
D:1:      dpeg_arrival_prison, layout_rooms, minmay_lizard_pond
D:2:      layout_basic, minmay_joined_circles
D:3:      layout_basic, tgw_kikubaaqudgha, serial_bayou, serial_bayou_pond_a,
          serial_bayou_pond_d, serial_bayou_shore_a, serial_bayou_lagoon_b
D:4:      layout_loops_corners, minmay_temple_entry_glassed_door, serial_forest,
          infiniplex_forest_lined_corner, infiniplex_forest_straight_2,
          infiniplex_forest_clump_diagonal, infiniplex_forest_clump_diagonal,
          infiniplex_forest_diagonal, infiniplex_forest_straight_4,
          infiniplex_forest_lined_ring, infiniplex_forest_lined_3,
          infiniplex_forest_zigzag_1, infiniplex_forest_clump_small,
          chequers_jeans, uniq_sigmund, uniq_grinder, uniq_natasha,
          uniq_blork_the_orc
Temple:   nicolae_temple_superstar

Skill      XL: |  1  2  3  4  5 |
---------------+----------------+-----
Fighting       | 4 5 |  5.3
Shields        | 4 |  4.6
Armour         | 4 5 |  5.3
Long Blades    | 3 4 5 |  5.8
Dodging        | 1 |  1.7
Stealth        | |  0.1

Action                     |  1- 3 |  4- 6 || total
---------------------------+-------+-------++-------
  Melee: Long sword        |   103 |    90 ||   193
         Headbutt          |    14 |    17 ||    31
    Use: Potion            |       |     1 ||     1
 Armour: Scale mail        |    43 |     1 ||    44
         Plate armour      |       |    61 ||    61
  Dodge: Dodged            |    41 |    27 ||    68
  Block: Buckler           |    23 |    13 ||    36
